 Dungeon Crawl Stone Soup version 0.27.1 (webtiles) character file.

Game seed: 6786600960691793347

86363 Gwenloh the Spry (level 15, -1/63 HPs)
             Began as a Spriggan Enchanter on Sept 3, 2021.
             Was a Follower of Uskayaw.
             Killed by the raging water
             ... invoked by a water nymph
              (24 damage)
             ... on level 1 of the Shoals.
             The game lasted 02:49:52 (33530 turns).

Gwenloh the Spry (Spriggan Enchanter)              Turns: 33530, Time: 02:49:53

Health: -1/63      AC: 10    Str:  4    XL:     15   Next: 40%
Magic:  30/33      EV: 27    Int: 21    God:    Uskayaw [*.....]
Gold:   567        SH:  0    Dex: 18    Spells: 18/40 levels left

rFire    . . .     SeeInvis +   P - +9 quick blade (flame)
rCold    . . .     Faith    .   (shield restricted)
rNeg     + . .     Spirit   .   e - +3 troll leather armour {Snorg}
rPois    +         Reflect  .   (helmet restricted)
rElec    .         Harm     .   N - +2 cloak
rCorr    +         Rampage  .   (gloves unavailable)
Will     ++...                  (boots unavailable)
Stlth    +++++.....             h - amulet of regeneration
HPRegen  2.20/turn              z - ring of flight
MPRegen  0.23/turn              t - ring of Geggoe {rPois rN+ rCorr}

@: flying, studying Polearms, very quick
A: very small, no large weapons, unfitting armour, see invisible, speed 3
a: Renounce Religion, Stomp


You were on level 1 of the Shoals.
You worshipped Uskayaw.
Uskayaw was aware of your devotion.
You visited 4 branches of the dungeon, and saw 21 of its levels.

You collected 2088 gold pieces.
You spent 1521 gold pieces at shops.

Inventory:

Hand Weapons
 a - a +1 dagger of holy wrath
 A - a +2 dagger of distortion
 F - a +2 dagger of speed
 P - a +9 quick blade of flaming (weapon)
 S - a +1 rapier of venom
Missiles
 i - a throwing net
 n - 43 boomerangs
 p - 71 poisoned darts (quivered)
 Q - 2 curare-tipped darts
Armour
 e - a +3 troll leather armour (worn) {Snorg}
 l - a +2 robe of resistance
 N - a +2 cloak (worn)
Jewellery
 h - an amulet of regeneration (around neck)
 o - a +6 ring of dexterity
 t - the ring of Geggoe (right hand) {rPois rN+ rCorr}
   (You bought it in a shop on level 12 of the Dungeon)

   [ring of resist corrosion]

   rPois:     It protects you from poison.
   rN:        It protects you from negative energy.
   rCorr:     It protects you from acid and corrosion.
 u - a ring of positive energy
 z - a ring of flight (left hand)
 V - an amulet of faith
 W - a ring of wizardry
 X - an amulet of magic regeneration
Wands
 b - a wand of acid (10)
 w - a wand of mindburst (13)
 I - a wand of charming (8)
 J - a wand of digging (2)
 O - a wand of flame (31)
 T - a wand of polymorph (7)
Scrolls
 q - 3 scrolls of fear
 s - 6 scrolls of amnesia
 v - 2 scrolls of silence
 y - a scroll of blinking
 E - 8 scrolls of teleportation
 H - 3 scrolls of magic mapping
 L - 2 scrolls of fog
 U - a scroll of summoning
 Z - a scroll of identify
Potions
 c - 2 potions of berserk rage {unknown}
 d - 2 potions of resistance {unknown}
 f - 4 potions of invisibility
 g - 2 potions of might
 j - 8 potions of haste
 k - 3 potions of ambrosia
 m - 3 potions of attraction
 r - 3 potions of mutation
 x - 3 potions of curing {unknown}
 B - 5 potions of flight
 C - 3 potions of lignification {unknown}
 D - 2 potions of cancellation {unknown}
 G - a potion of magic {unknown}
 K - 2 potions of degeneration {unknown}
 M - 3 potions of brilliance {unknown}
 R - a potion of heal wounds
Miscellaneous
 Y - a phantom mirror


   Skills:
 - Level 10.0 Short Blades
 + Level 16.1 Dodging
 - Level 11.5 Stealth
 + Level 13.1 Spellcasting
 - Level 4.0 Conjurations
 + Level 14.7 Hexes
 - Level 5.0 Transmutations
 - Level 5.7 Air Magic
 + Level 11.5 Invocations


You had 18 spell levels left.
You knew the following spells:

 Your Spells              Type           Power      Damage    Failure   Level
a - Confusing Touch       Hex            66%        N/A       1%          3
b - Ensorcelled Hibernat  Hex/Ice        88%        N/A       1%          2
c - Tukima's Dance        Hex            66%        N/A       1%          3
d - Dazzling Flash        Conj/Hex       100%       N/A       1%          3
e - Silence               Hex/Air        27%        N/A       3%          5
f - Yara's Violent Unrav  Hex/Tmut       26%        3d11      4%          5
g - Corona                Hex            73%        N/A       1%          1

Your spell library contained the following spells:

 Spells                   Type           Power      Damage    Failure   Level
 Magic Dart               Conj           100%       1d8       1%          1
 Fulminant Prism          Conj/Hex       26%        3d14      1%          4
 Searing Ray              Conj           60%        3d5       2%          2
 Corpse Rot               Necr/Air       N/A        N/A       3%          2
 Poisonous Vapours        Pois/Air       50%        N/A       3%          2
 Mephitic Cloud           Conj/Pois/Air  27%        N/A       7%          3
 Freeze                   Ice            52%        1d7       9%          1
 Pain                     Necr           52%        1d6       9%          1
 Spider Form              Tmut/Pois      12%        N/A       9%          3
 Call Imp                 Summ           13%        N/A       13%         2
 Frozen Ramparts          Ice            26%        1d4       26%         3
 Hailstorm                Conj/Ice       22%        3d7       36%         4
 Iskenderun's Mystic Bla  Conj/Tloc      22%        2d6       36%         4
 Iskenderun's Battlesphe  Conj           30%        2d8       41%         5
 Freezing Cloud           Conj/Ice/Air   13%        6-21      52%         5
 Dispel Undead            Necr           13%        3d9       63%         4
 Passage of Golubria      Tloc           N/A        N/A       63%         4
 Fireball                 Conj/Fire      11%        3d7       71%         5
 Conjure Ball Lightning   Conj/Air       17%        3x3d6     86%         6
 Agony                    Necr           13%        N/A       93%         5
 Excruciating Wounds      Necr           6%         N/A       93%         5
 Lee's Rapid Deconstruct  Erth           6%         3d7*      93%         5
 Death Channel            Necr           6%         N/A       100%        6
 Shadow Creatures         Summ           N/A        N/A       100%        6
 Orb of Destruction       Conj           15%        9d7       100%        7
 Lehudib's Crystal Spear  Conj/Erth      11%        10d4      100%        8


Dungeon Overview and Level Annotations

Branches:
Dungeon (12/15)            Temple (0/1) D:6            Lair (6/6) D:10
 Shoals (1/4) Lair:4        Snake (0/4) Lair:4        Slime (0/5) Lair:6
    Orc (2/2) D:12            Elf (0/3) Orc:2

Altars:
Ashenzari
Dithmenos
Elyvilon
Fedhas
Gozag
Hepliaklqana
Makhleb
Nemelex Xobeh
Okawaru
Ru
Trog
Uskayaw
Wu Jian
Zin
Beogh

Shops:
D:12 =   Orc:1 ?   Orc:2 [[?[   Shoals:1 (

Annotations:
D:4 3 runed translucent doors, tevior's ghost, weakling DDBe
D:10 2 runed translucent doors, mavignon's ghost, novice MiHu
Lair:1 exclusion: oklob plant


Innate Abilities, Weirdness & Mutations

You are very small and have problems with some larger weapons.
You are too small for most types of armour.
You have supernaturally acute eyesight. (SInv)
You cover ground extremely quickly. (Speed+++)


Message History

The faun unwields a +0 spear.
The faun wields a +0 hunting sling.
The faun shoots a sling bullet.
The sling bullet completely misses you.
The faun shoots a sling bullet.
The sling bullet hits you!
Casting: Confusing Touch (safe; 1% risk of failure)
Confirm with . or Enter, or press ? or * to list all spells.
Your hands begin to glow red.
You hit the faun but do no damage.
The faun appears confused.
The faun unwields a +0 hunting sling.
The faun wields a +0 spear.
The faun hits you with a +0 spear!
You hit the faun. You burn the faun.
The faun is lightly wounded.
You hit the faun but do no damage.
The faun is lightly wounded.
You strike the helpless faun from behind!
You impale the faun!! You burn the faun!
The faun is almost dead.
You can now pass through a line of other dancers.
You puncture the faun! You burn the faun.
You kill the faun!
You hear a splash. x3
You start resting.
You can no longer pass through a line of other dancers.
A water nymph is nearby!
You start resting.
A merfolk is nearby!
Casting: Confusing Touch (safe; 1% risk of failure)
Confirm with . or Enter, or press ? or * to list all spells.
Your hands begin to glow red.
The merfolk hits you from afar with a +0 trident.
The merfolk aquamancer shouts!
The water nymph points at you and mumbles some strange words.
The water rises up and strikes you!!!
Ouch! That really hurt!
* * * LOW HITPOINT WARNING * * *
You hit the merfolk but do no damage.
The merfolk appears confused.
The merfolk aquamancer casts a spell at you.
The shard of ice misses you.
The water nymph gestures at you while chanting.
The water rises up and strikes you!!
You die...

≈≈≈≈≈≈≈≈≈......≈≈≈≈≈≈≈≈.# #...!
≈≈≈≈≈≈≈≈..........≈≈≈≈≈.# #....
≈≈≈≈≈≈≈≈≈≈.######E≈m≈≈≈.# #....
≈≈≈≈≈≈≈≈≈≈..## #.≈≈≈≈≈≈#
≈≈≈≈≈≈≈≈≈≈≈≈.####mm≈≈≈≈≈# #....
≈≈≈≈≈≈≈≈≈≈≈≈≈....)≈≈≈≈≈.# #....
≈≈≈≈≈≈≈≈≈≈≈≈≈≈≈≈≈≈≈≈≈≈..#####....
≈≈≈≈≈≈≈≈≈≈≈≈≈≈≈≈≈≈≈≈≈............
≈≈≈≈≈≈≈≈≈≈≈≈≈≈≈≈@≈≈≈.............
≈≈≈≈≈≈≈≈≈≈≈≈≈≈≈≈≈≈≈≈..[.!.. ....m
≈≈≈≈≈≈≈≈≈≈≈≈≈≈≈≈≈≈≈≈≈≈≈...####m.≈
≈≈≈≈≈≈≈≈≈≈≈≈≈≈≈≈≈≈≈≈≈≈≈.....[...≈
≈≈≈≈≈≈≈≈≈≈≈≈≈≈≈≈≈≈≈≈≈≈≈≈≈≈≈....≈≈
≈≈≈≈≈≈≈≈≈≈≈≈≈≈≈≈≈≈≈≈≈≈≈≈≈≈≈.##..≈
≈≈≈≈≈≈≈≈≈≈≈≈≈≈≈≈≈≈≈.≈≈≈≈≈≈..###.≈
≈≈≈≈≈≈≈≈≈≈≈≈≈≈≈≈≈≈≈≈≈..≈≈......≈≈
≈≈≈≈≈≈≈≈≈≈≈≈≈≈≈≈≈....###......≈≈≈


You could see a merfolk aquamancer, a merfolk (confused), a water elemental and
a water nymph.

Vanquished Creatures
  Saint Roka (Orc:2)
  An orc warlord (D:12)
  Snorg (Lair:6)
  A boulder beetle (Lair:3)
  Erolcha (Orc:2)
  11 hydras
  9 two-headed ogres
  2 catoblepae
  A deep troll shaman (Lair:6)
  9 death yaks
  Urug (Lair:1)
  Sonja (D:12)
  5 orc high priests
  4 skeletal warriors (D:12)
  A sea snake (Shoals:1)
  A lindwurm (Lair:6)
  2 orc knights (Orc:2)
  2 fauns (Shoals:1)
  5 orc sorcerers
  4 cyclopes
  2 manticores (Shoals:1)
  Maurice (D:10)
  2 merfolk sirens
  15 elephants
  A water nymph (Shoals:1)
  A black mamba (Lair:6)
  2 torpor snails
  14 cane toads
  3 rime drakes
  4 kobold demonologists
  10 komodo dragons
  3 merfolk (Shoals:1)
  4 polar bears
  Prince Ribbit (D:6)
  7 trolls
  7 blink frogs
  Grinder (D:3)
  A centaur simulacrum (D:12)
  8 wyverns
  3 wraiths
  A fire bat (shapeshifter) (D:8)
  45 yaks
  4 basilisks
  A vampire mosquito (D:8)
  9 wargs
  An acid dragon (D:8)
  17 water moccasins
  Duvessa (D:5)
  50 orc warriors
  An ice beast (D:6)
  12 ogres
  2 black bears
  13 centaurs
  24 wolves
  7 kobold brigands
  9 bullfrogs
  2 gnoll sergeants
  2 scorpions
  A water moccasin zombie (D:5)
  Dowan (D:5)
  9 killer bees
  4 wights (D:10)
  5 howler monkeys
  A crimson imp (D:6)
  A bullfrog zombie (D:4)
  4 centaur zombies
  A jelly (D:4)
  35 orc priests
  A centaur skeleton (D:5)
  Terence (D:2)
  21 orc wizards
  8 iguanas
  3 hell rats (Lair:2)
  A killer bee zombie (D:6)
  2 hound skeletons
  2 howler monkey zombies
  12 gnolls
  8 adders
  6 river rats (Lair:2)
  A shadow imp (D:5)
  2 white imps (D:6)
  2 ufetubi (D:5)
  An adder skeleton (D:5)
  7 dart slugs
  102 orcs
  7 endoplasms
  5 giant cockroaches
  6 hobgoblins
  A jackal (D:3)
  22 kobolds
  2 quokkas (D:3)
  6 ball pythons
  4 bats
  9 frilled lizards
  8 goblins
  12 rats
678 creatures vanquished.

Vanquished Creatures (collateral kills)
  An orc knight (Orc:2)
  Sigmund (D:2)
  A yak (Lair:1)
  6 orc warriors
  2 ogres
  A gnoll sergeant (Orc:2)
  3 killer bees
  An orc priest (Orc:2)
  3 gnolls
  4 orcs
  A kobold (D:8)
24 creatures vanquished.

Vanquished Creatures (others)
  A yak (Lair:1)
  4 dancing weapons
  2 orc priests (Orc:2)
  64 fungi
  65 plants
136 creatures vanquished.

Grand Total: 838 creatures vanquished

Notes
Turn   | Place    | Note
-------+----------+-------------------------------------------
     0 | D:1      | Gwenloh the Spriggan Enchanter began the quest for the Orb.
     0 | D:1      | Reached XP level 1. HP: 9/9 MP: 5/5
   142 | D:1      | Found a faded altar of an unknown god.
   192 | D:1      | Reached skill level 3 in Dodging
   385 | D:1      | Reached XP level 2. HP: 13/13 MP: 6/6
   401 | D:1      | Reached skill level 5 in Stealth
   619 | D:1      | Learned a level 2 spell: Ensorcelled Hibernation
  1357 | D:2      | Reached XP level 3. HP: 16/16 MP: 6/8
  1488 | D:2      | Reached skill level 4 in Dodging
  1637 | D:2      | Noticed Terence
  1660 | D:2      | Killed Terence
  1661 | D:2      | Reached XP level 4. HP: 21/21 MP: 9/9
  1769 | D:2      | Found a blossoming altar of Fedhas.
  1835 | D:2      | Noticed Sigmund
  1947 | D:2      | Learned a level 3 spell: Tukima's Dance
  2085 | D:2      | Killed Sigmund
  2086 | D:2      | Reached skill level 5 in Dodging
  2086 | D:2      | Reached XP level 5. HP: 24/24 MP: 7/10
  2146 | D:2      | Learned a level 3 spell: Confusing Touch
  2346 | D:3      | Noticed Grinder
  2352 | D:3      | Paralysed by Grinder for 6 turns
  2651 | D:3      | Found a bloodstained altar of Trog.
  2869 | D:3      | Killed Grinder
  2870 | D:3      | Reached skill level 6 in Dodging
  2870 | D:3      | Reached XP level 6. HP: 28/28 MP: 8/11
  4003 | D:4      | Reached skill level 5 in Hexes
  4040 | D:4      | Reached XP level 7. HP: 32/32 MP: 6/12
  4231 | D:4      | Reached skill level 7 in Dodging
  4666 | D:4      | Found a broken altar of Ashenzari.
  4732 | D:4      | Found a glowing silver altar of Zin.
  4743 | D:4      | Found a runed translucent gate.
  4743 | D:4      | Found a runed translucent gate.
  4743 | D:4      | Found a runed translucent gate.
  4744 | D:4      | Found an opulent altar of Gozag.
  4931 | D:4      | Noticed tevior's ghost (weakling DDBe)
  4988 | D:5      | Entered Level 5 of the Dungeon
  4998 | D:5      | Noticed Dowan
  5282 | D:5      | Found a hide-covered altar of Uskayaw.
  5291 | D:5      | Reached skill level 8 in Dodging
  5291 | D:5      | Reached skill level 10 in Stealth
  5291 | D:5      | Reached XP level 8. HP: 35/36 MP: 8/13
  5615 | D:5      | Became a worshipper of Uskayaw the Reveller
  5730 | D:5      | Reached * piety under Uskayaw
  5757 | D:5      | Reached ** piety under Uskayaw
  5953 | D:5      | Noticed Duvessa
  5957 | D:5      | Killed Duvessa
  5958 | D:5      | Reached skill level 1 in Invocations
  5973 | D:5      | Killed Dowan
  6228 | D:5      | Reached *** piety under Uskayaw
  6476 | D:6      | Noticed Prince Ribbit
  6479 | D:6      | Killed Prince Ribbit
  6480 | D:6      | Reached skill level 9 in Dodging
  6690 | D:6      | Found a staircase to the Ecumenical Temple.
  6910 | D:6      | 4
  7072 | D:6      | Found a sacrificial altar of Ru.
  7211 | D:6      | Reached XP level 9. HP: 37/39 MP: 9/14
  7334 | D:6      | Learned a level 3 spell: Dazzling Flash
  9404 | D:8      | Reached skill level 5 in Short Blades
  9467 | D:8      | Found a white marble altar of Elyvilon.
  9511 | D:8      | Noticed a cyclops
  9515 | D:8      | Noticed an orb spider
  9921 | D:8      | Reached **** piety under Uskayaw
 10061 | D:8      | Found an ornate altar of the Wu Jian Council.
 10094 | D:8      | Found a burning altar of Makhleb.
 10722 | D:8      | Reached XP level 10. HP: 39/44 MP: 11/15
 10820 | D:8      | Killed a cyclops
 11514 | D:9      | Found a hazy altar of Hepliaklqana.
 11609 | D:9      | Found a sparkling altar of Nemelex Xobeh.
 11989 | D:9      | Reached skill level 10 in Short Blades
 12263 | D:10     | Entered Level 10 of the Dungeon
 12288 | D:10     | Reached skill level 1 in Conjurations
 12291 | D:10     | Noticed a two-headed ogre
 12298 | D:10     | Killed a two-headed ogre
 12299 | D:10     | Reached skill level 10 in Dodging
 12442 | D:10     | Identified a scroll of acquirement
 12443 | D:10     | Acquired an amulet of regeneration
 12490 | D:10     | Found a staircase to the Lair.
 12490 | D:10     | Found an iron altar of Okawaru.
 12550 | D:10     | Noticed mavignon's ghost (novice MiHu)
 12551 | D:10     | Noticed a lich
 12552 | D:10     | Noticed a wizard
 12552 | D:10     | Noticed a necromancer
 12580 | D:10     | Found a shadowy altar of Dithmenos.
 12772 | D:10     | Found a runed translucent door.
 12811 | D:10     | Noticed a frost giant
 12824 | D:10     | Found a runed translucent door.
 12827 | D:10     | Noticed a skeletal warrior
 12829 | D:10     | Noticed a frost giant
 12832 | D:10     | Noticed Maurice
 12833 | D:10     | Noticed a two-headed ogre
 12851 | D:10     | Killed a two-headed ogre
 12852 | D:10     | Reached XP level 11. HP: 47/47 MP: 15/19
 12897 | D:10     | Reached skill level 5 in Spellcasting
 12897 | D:10     | Reached skill level 5 in Invocations
 12977 | D:10     | Killed Maurice
 13345 | D:10     | Noticed a two-headed ogre
 13351 | D:10     | Killed a two-headed ogre
 13562 | D:10     | Found the +3 pair of gauntlets of War {Slay+5}
 13731 | Lair:1   | Entered Level 1 of the Lair of Beasts
 13736 | Lair:1   | Noticed a four-headed hydra
 13743 | Lair:1   | Killed a four-headed hydra
 13744 | Lair:1   | Reached skill level 11 in Dodging
 13775 | Lair:1   | Noticed an eight-headed hydra
 13785 | Lair:1   | Killed an eight-headed hydra
 13981 | Lair:1   | Reached skill level 10 in Hexes
 14727 | Lair:1   | Noticed Urug
 14734 | Lair:1   | Killed Urug
 14742 | Lair:1   | Learned a level 5 spell: Silence
 14770 | Lair:1   | Noticed an oklob plant
 14770 | Lair:1   | Found the +8 orange crystal plate armour {Archmagi, Int+3
                  | Clar}
 17052 | Lair:2   | Reached XP level 12. HP: 51/51 MP: 18/24
 17163 | Lair:2   | Reached skill level 12 in Dodging
 17450 | Lair:2   | Noticed an eight-headed hydra
 17485 | Lair:2   | Killed an eight-headed hydra
 18428 | Lair:3   | Noticed a boulder beetle
 18456 | Lair:3   | Killed a boulder beetle
 18653 | Lair:3   | Noticed a four-headed hydra
 18658 | Lair:3   | Killed a four-headed hydra
 18659 | Lair:3   | Reached skill level 13 in Dodging
 18962 | Lair:3   | Reached skill level 1 in Air Magic
 18973 | Lair:3   | Reached ***** piety under Uskayaw
 19251 | Lair:3   | Noticed a death yak
 19261 | Lair:3   | Noticed a death yak
 19261 | Lair:3   | Noticed a death yak
 19284 | Lair:3   | Killed a death yak
 19285 | Lair:3   | Reached XP level 13. HP: 53/55 MP: 20/27
 19767 | Lair:4   | Reached skill level 10 in Spellcasting
 20437 | Lair:4   | Found a staircase to the Shoals.
 20600 | Lair:4   | Found a staircase to the Snake Pit.
 21300 | Lair:5   | Reached skill level 14 in Dodging
 21445 | Lair:5   | Learned a level 5 spell: Yara's Violent Unravelling
 21560 | Lair:6   | Entered Level 6 of the Lair of Beasts
 21575 | Lair:6   | Found a staircase to the Slime Pits.
 21592 | Lair:6   | Noticed Snorg
 21779 | Lair:6   | Killed Snorg
 22981 | Lair:6   | Reached XP level 14. HP: 46/59 MP: 21/30
 22985 | Lair:6   | Reached skill level 5 in Air Magic
 23105 | Lair:6   | Reached skill level 10 in Invocations
 23725 | Lair:6   | Identified the +1 broad axe "Nig Xel" {vorpal, rPois rF+
                  | rN++ Dex-5}
 23731 | Lair:6   | Identified the +4 quarterstaff of Blood {holy, *Slow rN+
                  | Will+ Int+2 Dex+4}
 25013 | D:12     | Reached skill level 15 in Dodging
 25014 | D:12     | Reached skill level 1 in Transmutations
 25304 | D:12     | Found Nyri's Jewellery Shoppe.
 25312 | D:12     | Bought the ring of Geggoe {rPois rN+ rCorr} for 566 gold
                  | pieces
 25748 | D:12     | Found a staircase to the Orcish Mines.
 26036 | D:12     | Noticed Sonja
 26045 | D:12     | Killed Sonja
 26431 | Orc:1    | Entered Level 1 of the Orcish Mines
 26431 | Orc:1    | Found Gyeph's Magic Scroll Shop.
 26611 | Orc:1    | Bought a scroll of identify for 22 gold pieces
 26611 | Orc:1    | Bought 2 scrolls of identify for 44 gold pieces
 26894 | Orc:1    | Noticed an orc warlord
 27062 | D:12     | Killed an orc warlord
 28202 | Orc:2    | Entered Level 2 of the Orcish Mines
 28534 | Orc:2    | Noticed Erolcha
 28711 | Orc:2    | Killed Erolcha
 28942 | Orc:2    | Found Udgheffy's Antique Armour Shop.
 28970 | Orc:2    | Found Citec's Antique Armour Boutique.
 29337 | Orc:2    | Reached skill level 5 in Transmutations
 29343 | Orc:2    | Reached XP level 15. HP: 42/63 MP: 26/32
 29969 | Orc:2    | Found a staircase to the Elven Halls.
 30334 | Orc:2    | Found Cixeal's Magic Scroll Emporium.
 30894 | Orc:2    | Noticed Saint Roka
 31422 | Orc:2    | Killed Saint Roka
 31423 | Orc:2    | Reached skill level 16 in Dodging
 31661 | Orc:2    | Found Erulal's Armour Boutique.
 31968 | Orc:2    | Bought a scroll of acquirement for 728 gold pieces
 31968 | Orc:2    | Acquired a +8 quick blade
 32010 | Orc:2    | Bought a scroll of identify for 28 gold pieces
 32010 | Orc:2    | Bought a scroll of identify for 28 gold pieces
 32010 | Orc:2    | Bought a scroll of magic mapping for 49 gold pieces
 32010 | Orc:2    | Bought a scroll of identify for 28 gold pieces
 32010 | Orc:2    | Bought a scroll of identify for 28 gold pieces
 32352 | Shoals:1 | Entered Level 1 of the Shoals
 33449 | Shoals:1 | Found Ygrasm's Firing Range.
 33530 | Shoals:1 | Killed from afar by a water nymph

Illustrated notes

###...#.. #.....# ##...#....
#.......#####....####....#....
##........##.#.....##........^.
.....#.........##..........#..
##...#.#......##......##..##.#
#....###...........o###.......
#.....#..#.....###..#.........
#.......##......#.............
####..#...###..@..#.............
#.....#...####.##.#..#..........
##....###...#####.)...##.........
#.....# #.....#..)###.#..........
......# #..##..)<###...).........
..##..# #..#.....##..#...........
.. ##.###.......##...#...........
.## #...........................#
..###....#.##....#.#.#...........


Turn 6910 on D:6: 4

Levels and vault maps discovered:
D:1:      co_arrival_random_square_maze, layout_basic,
          hellmonk_ecumenical_altar_zigzags, minmay_split_cup_large
D:2:      layout_basic, basic_altar, uniq_sigmund, uniq_terence
D:3:      layout_basic, trog_book, minmay_guardbox, uniq_grinder
D:4:      layout_cave_pools, zin_scriptorium, cheibrodos_ashenzari_chains,
          ebering_ghost_gozag
D:5:      layout_loops_cross, old_standard_altar, chequers_decorated_corner,
          lightli_minifort, uniq_duvessa
D:6:      layout_cave_pools, nicolae_ru_sacrificial_ziggurat,
          minmay_temple_entry_ruins, minmay_fire_ice_demons, uniq_prince_ribbit1
D:7:      layout_loops_corners, minivault_24
D:8:      layout_basic, elyvilon_altar_1, mainiacjoe_overflow_two_lobes,
          minmay_manual_monstrance
D:9:      layout_basic, lemuel_round_altar, worldfamousw_hep_ancestral_shrine,
          special_room [special_room_kobold]
D:10:     layout_gridville, okawaru_ov_weapons_minmay,
          nicolae_dithmenos_through_a_glass_darkly, lair_entry_dummy,
          muffindrake_ghost_dual_entry, corexii_corridor_pit,
          chequers_hall_statues_y, chequers_serial_rivers_micro_d,
          minmay_circle_x, uniq_maurice
D:11:     layout_loops_corners, minmay_lizard_king
D:12:     layout_loops_corners, david_orc_3, serial_shops, shop, uniq_sonja
Lair:1:   layout_big_grid, minmay_holes, minmay_lair_oklob_chamber, uniq_urug
Lair:2:   layout_small_grid, kennysheep_abandoned_house, grunt_megastairs_5
Lair:3:   layout_regular_city, infiniplex_staircase_pool
Lair:4:   layout_long_grid, minmay_shoals_entry_lonely_mermaid,
          dummy_snake_entry
Lair:5:   layout_gridlike, grunt_megastairs_4
Lair:6:   grunt_lair_end_beastmaster, layout_long_grid, slime_dummy,
          minivault_27, uniq_snorg
Shoals:1: layout_shoals, nicolae_shop_firing_range
Orc:1:    layout_caves, serial_shops, shop, minmay_orc_temple_b
Orc:2:    pubby_orc_utopia, uniq_erolcha

Skill      XL: |  1  2  3  4  5  6  7  8  9 10 11 12 13 14 15 |
---------------+----------------------------------------------+-----
Dodging        | 3 4 5 6 8 9 10 11 13 14 15 16 | 16.1
Stealth        | 5 6 7 8 10 11 | 11.5
Hexes          | 4 5 6 7 8 9 10 11 13 14 | 14.7
Invocations    | 3 4 6 8 9 11 | 11.5
Short Blades   | 8 10 | 10.0
Spellcasting   | 4 7 9 11 12 13 | 13.1
Conjurations   | 2 4 |  4.0
Air Magic      | 2 4 5 |  5.7
Transmutations | 5 |  5.0

Action                   |  1- 3 |  4- 6 |  7- 9 | 10-12 | 13-15 || total
-------------------------+-------+-------+-------+-------+-------++-------
Melee: Dagger            |    85 |   154 |   333 |   527 |   608 ||  1707
       Rapier            |       |       |       |    21 |   757 ||   778
       Quick blade       |       |       |       |       |    52 ||    52
Throw: Boomerang         |       |     2 |       |       |       ||     2
       Dart              |       |       |     2 |    12 |    11 ||    25
 Cast: Ensorcelled Hiber |     8 |    27 |    48 |    68 |   111 ||   262
       Corona            |     1 |       |       |       |     4 ||     5
       Tukima's Dance    |       |     5 |     7 |     4 |    20 ||    36
       Confusing Touch   |       |     6 |    27 |    54 |   160 ||   247
       Dazzling Flash    |       |       |     7 |    15 |    60 ||    82
       Silence           |       |       |       |       |     3 ||     3
       Yara's Violent Un |       |       |       |       |     2 ||     2
Invok: Stomp             |       |       |     1 |     6 |     5 ||    12
       Line Pass         |       |       |       |     5 |     2 ||     7
Evoke: Wand              |       |       |       |     5 |     1 ||     6
  Use: Scroll            |       |       |     7 |     3 |    16 ||    26
       Potion            |       |       |       |       |     2 ||     2
 Stab: Sleeping          |    17 |    22 |    58 |    50 |    87 ||   234
       Confused          |       |     5 |    21 |    49 |   162 ||   237
       Distracted        |       |     4 |     5 |     5 |    14 ||    28
       Paralysed         |       |       |     2 |     8 |    27 ||    37
       Invisible         |       |       |     1 |    12 |    68 ||    81
       Petrifying        |       |       |       |       |     6 ||     6
       Petrified         |       |       |       |       |     1 ||     1
Armor: Robe              |     8 |    12 |    18 |    19 |     6 ||    63
       Troll leather arm |       |       |       |       |    80 ||    80
Dodge: Dodged            |    49 |    94 |   249 |   337 |  1199 ||  1928
